 Dungeon Crawl Stone Soup version 0.30-a0-883-g5ad918d77d (webtiles) character file.

Game seed: 16240217552597246432

255 cheesebisquit the Firebug (level 5, -2/38 HPs)
             Began as a Draconian Fire Elementalist on Mar 15, 2023.
             Slain by a sleepcap (5 damage)
             ... on level 4 of the Dungeon.
             The game lasted 00:15:47 (4834 turns).

cheesebisquit the Firebug (DrFE)                    Turns: 4834, Time: 00:15:47

Health: -2/38      AC:  6    Str: 10    XL:     5   Next: 91%
Magic:  3/10       EV: 12    Int: 17    God:
Gold:   158        SH:  0    Dex: 12    Spells: 2/11 levels left

rFire   . . .      SeeInvis .    p - +0 spear (freeze)
rCold   . . .      Faith    .    (no shield)
rNeg    . . .      Spirit   .    (body armour unavailable)
rPois   .          Reflect  .    (helmet restricted)
rElec   .          Rampage  .    (no cloak)
rCorr   .                        (no gloves)
Will    .....                    c - +0 pair of boots
Stlth   ++                       (no amulet)
HPRegen 0.26/turn                (no ring)
MPRegen 0.12/turn                (no ring)

@: no status effects
A: AC +5, unfitting armour, cold-blooded
a: no special abilities


You were on level 4 of the Dungeon.
You visited 1 branch of the dungeon, and saw 4 of its levels.

You collected 158 gold pieces.

Inventory:

Hand Weapons
 e - a +2 heavy long sword
 p - a +0 spear of freezing (weapon)
Missiles
 f - 6 poisoned darts
Armour
 c - a +0 pair of boots (worn)
Scrolls
 b - a scroll of poison {unknown}
 g - a scroll of amnesia {unknown}
 j - 3 scrolls of teleportation {unknown}
 m - a scroll of brand weapon {unknown}
 n - a scroll of fog {unknown}
 o - 2 scrolls of identify {unknown}
 q - 2 scrolls of noise {unknown}
 r - a scroll of blinking {unknown}
 s - a scroll of fear {unknown}
Potions
 a - a potion of magic
 d - 4 potions of curing {unknown}
 h - a potion of experience {unknown}
 i - 3 potions of flight {unknown}
 k - a potion of ambrosia {unknown}
 l - a potion of lignification {unknown}


   Skills:
 - Level 1.7 Dodging
 - Level 1.7 Stealth
 + Level 3.6 Spellcasting
 - Level 1.0 Conjurations
 * Level 5.7 Fire Magic


You had 2 spell levels left.
You knew the following spells:

 Your Spells              Type           Power      Damage    Failure   Level
a - Foxfire               Conj/Fire      56%        2x1d6     4%          1
b - Kindle Blastsparks    Fire/Tloc/Air  18%        2d11      22%         3
c - Inner Flame           Hex/Fire       12%        N/A       16%         3
z - Scorch                Fire           44%        2d7       2%          2

Your spell library contained the following spells:

 Spells                   Type           Power      Damage    Failure   Level
 Sting                    Tmut/Pois      12%        1d3       17%         1
 Poisonous Vapours        Pois/Air       6%         N/A       26%         2
 Flame Wave               Conj/Fire      14%        2d6       38%         4
 Frozen Ramparts          Ice            6%         1d1       45%         3
 Cause Fear               Hex            1%         N/A       86%         4
 Ice Form                 Ice/Tmut       3%         N/A       86%         4
 Manifold Assault         Tloc           3%         N/A       86%         4
 Olgreb's Toxic Radiance  Pois           3%         N/A       86%         4
 Summon Ice Beast         Ice/Summ       3%         N/A       86%         4
 Dispersal                Tloc           1%         N/A       100%        6
 Discord                  Hex            1%         N/A       100%        8
 Disjunction              Tloc           1%         N/A       100%        8


Dungeon Overview and Level Annotations

Branches:
Dungeon (4/15)
 Temple: D:4-7

Altars:
Ru


Innate Abilities, Weirdness & Mutations

Your plain brown scales are hard. (AC +5)
You cannot fit into any form of body armour.
You are cold-blooded and may be slowed by cold attacks.


Message History

The sleepcap closely misses you.
There is a stone staircase leading up, spattered with blood here.
You conjure some foxfire!
The gnoll closely misses you.
The sleepcap releases spores at you but does no damage.
Casting: Foxfire (safe; 4% risk of failure)
Confirm with . or Enter, or press ? or * to list all spells.
Flames lash the gnoll.
The gnoll is severely wounded.
The gnoll's fire resistance burns away.
The foxfire hits the sleepcap but does no damage.
The foxfire hits the sleepcap.
The sleepcap is lightly damaged.
The gnoll hits you from afar with a +0 halberd.
The sleepcap closely misses you.
You conjure some foxfire!
The gnoll barely misses you.
The sleepcap releases spores at you but does no damage.
Casting: Foxfire (safe; 4% risk of failure)
Confirm with . or Enter, or press ? or * to list all spells.
Flames lash the sleepcap.
The sleepcap is moderately damaged.
The sleepcap's fire resistance burns away.
The foxfire hits the sleepcap.
The sleepcap is burned terribly!
The sleepcap is heavily damaged.
The foxfire hits the sleepcap but does no damage.
The sleepcap is heavily damaged.
The gnoll closely misses you. The sleepcap closely misses you.
You conjure some foxfire!
The gnoll misses you. The sleepcap releases spores at you.
You are engulfed in a cloud of soporific spores!
You fall asleep.
The foxfire hits the sleepcap.
The sleepcap is burned terribly!
The sleepcap is heavily damaged.
The foxfire hits the sleepcap but does no damage.
The sleepcap is heavily damaged.
The gnoll hits you from afar with a +0 halberd!!
You wake up.
Ouch! That really hurt!
* * * LOW HITPOINT WARNING * * *
The sleepcap releases spores at you.
You die...

#.#.# #.....g..
#.#.# #.#
####.#.###.#
####.......>).#
#..........####
#.##.##.#..#
#.##.##.#..#
#.##.##§#..#####
#.##.##@§........
#.#...f.#.)...#..
#.#.###g#..##.#
#...# #....##.#
###.###)....# #
#.........#
###.#........
#.#.....#..
#.#.....# .


You could see a sleepcap (combustible) and a gnoll (combustible).

Vanquished Creatures
  A gnoll bouda (D:3)
  Ijyb (D:4)
  Jessica (D:2)
  Terence (D:2)
  Robin (D:3)
  2 gnolls (D:4)
  3 adders
  A worm (D:2)
  A dart slug (D:3)
  An orc (D:4)
  6 bats
  10 endoplasms
  3 giant cockroaches (D:2)
  11 goblins
  16 hobgoblins
  3 jackals (D:1)
  3 kobolds
  2 quokkas
  4 ball pythons
  3 frilled lizards
  6 rats
80 creatures vanquished.

Vanquished Creatures (others)
  181 foxfires
  3 toadstools (D:3)
184 creatures vanquished.

Grand Total: 264 creatures vanquished

Notes
Turn   | Place    | Note
-------+----------+-------------------------------------------
     0 | D:1      | cheesebisquit the Draconian Fire Elementalist began the
                  | quest for the Orb.
     0 | D:1      | Reached XP level 1. HP: 14/14 MP: 3/3
   221 | D:1      | Reached XP level 2. HP: 20/20 MP: 1/5
   975 | D:1      | Reached XP level 3. HP: 26/26 MP: 4/6
  1168 | D:1      | Learned a level 2 spell: Scorch
  1172 | D:1      | Learned a level 3 spell: Inner Flame
  1420 | D:2      | Reached skill level 4 in Fire Magic
  1608 | D:2      | Identified the +1 leather armour "Nucuaq" {rElec Str-2
                  | SInv}
  1613 | D:2      | Found a faded altar of an unknown god.
  1739 | D:2      | Noticed Jessica
  1741 | D:2      | Killed Jessica
  1742 | D:2      | Reached XP level 4. HP: 33/33 MP: 3/8
  1912 | D:2      | Identified the +0 robe of the Hunter {Fly rElec rF- Int+5}
  2053 | D:2      | Noticed Terence
  2058 | D:2      | Killed Terence
  3390 | D:3      | Reached skill level 5 in Fire Magic
  3396 | D:3      | Reached XP level 5. HP: 38/38 MP: 0/9
  3480 | D:3      | Noticed Robin
  3487 | D:3      | Killed Robin
  3880 | D:3      | Found a sacrificial altar of Ru.
  4400 | D:3      | Learned a level 3 spell: Kindle Blastsparks
  4554 | D:4      | Noticed Ijyb
  4650 | D:4      | Killed Ijyb
  4834 | D:4      | Slain by a sleepcap

Illustrated notes

Levels and vault maps discovered:
D:1:      co_arrival_random_square_maze, layout_basic, minmay_pentomino_o2
D:2:      layout_basic, ebering_ecumenical_altar_abandoned, uniq_terence,
          uniq_jessica
D:3:      layout_basic, mainiacjoe_overflow_24_doors, minmay_gold_behind_fungi,
          uniq_robin
D:4:      layout_loops_ring, uniq_ijyb, uniq_pargi

Skill      XL: |  1  2  3  4 |
---------------+-------------+-----
Fire Magic     | 4 5 |  5.7
Spellcasting   | 3 |  3.6
Dodging        | |  1.7
Stealth        | |  1.7
Conjurations   | |  1.0

Action                     |  1- 3 |  4- 6 || total
---------------------------+-------+-------++-------
  Melee: Short sword       |    10 |       ||    10
         Long sword        |     7 |     3 ||    10
         Tailslap          |     2 |     1 ||     3
         Spear             |       |     4 ||     4
   Cast: Foxfire           |    43 |    58 ||   101
         Scorch            |     5 |    35 ||    40
 Armour: Skin              |    11 |     5 ||    16
  Dodge: Dodged            |    15 |    22 ||    37

Table legend: (Time is in decaauts)
 A = Elapsed time spent in this place.
 B = Non-inter-level travel time spent in this place.
 C = Inter-level travel time spent in this place.
 D = Time resting spent in this place.
 E = Time spent auto-exploring this place.
 F = Levels seen in this place.
 G = Mean time per level.
                   A        B        C        D        E       F      G
               +--------+--------+--------+--------+--------+-----+--------+
         Total |   4846 |   4517 |    329 |    358 |   3603 |   4 | 1211.5 |
       Dungeon |   4846 |   4517 |    329 |    358 |   3603 |   4 | 1211.5 |
               +--------+--------+--------+--------+--------+-----+--------+

Top non-repeatable levels by time:
     D:3: 1840 daAuts
     D:2: 1532 daAuts
     D:1: 1280 daAuts
     D:4: 192 daAuts
